 Dungeon Crawl Stone Soup version 0.26-a0-651-gb41185065b (webtiles) character file.

Game seed: 14465438730711757291

(classic levelgen) 214937 EnegeticOcto the Severer (level 17, 0/170 HPs)
             Began as a Deep Dwarf Fighter on Oct 14, 2020.
             Was the Champion of Makhleb.
             Slain by an Ice Fiend (1 damage)
             ... summoned by an ancient lich
             ... on level 5 of the Depths.
             The game lasted 00:16:38 (17121 turns).

EnegeticOcto the Severer (Deep Dwarf Fighter)      Turns: 17121, Time: 00:16:39

Health: 0/170      AC: 33    Str: 26    XL:     17   Next: 86%
Magic:  0/0        EV:  6    Int: 10    God:    Makhleb [******]
Gold:   2172       SH: 23    Dex: 12    Spells: 16/16 levels left

rFire    + . .     SeeInvis .   a - +4 broad axe (elec)
rCold    + + +     Faith    .   z - +2 tower shield {rC+}
rNeg     + . .     Spirit   .   o - +0 gold dragon scales
rPois    +         Reflect  .   i - +2 helmet
rElec    +         Harm     .   E - +2 cloak
rCorr    .         Rampage  .   t - +2 pair of gloves
MR       ++++.     Rnd*Tele +   L - +2 pair of boots
Stlth    ..........             q - amulet of the acrobat
HPRegen  0.00/turn              N - ring "Ikhucs" {*Tele rElec rC+ MR+}
MPRegen  0.07/turn              k - ring of protection from magic

@: non-regenerating, lightly drained
A: damage resistance, heal wounds, negative energy resistance 1, sense
surroundings 2, no regeneration
}: 2/15 runes: decaying, serpentine
a: Heal Wounds, Minor Destruction, Lesser Servant of Makhleb, Major Destruction,
Greater Servant of Makhleb, Renounce Religion


You were on level 5 of the Depths.
You worshipped Makhleb.
Makhleb was exalted by your worship.
You visited 7 branches of the dungeon, and saw 33 of its levels.

You collected 2800 gold pieces.
You spent 628 gold pieces at shops.

Inventory:

Hand Weapons
 a - a +4 broad axe of electrocution (weapon)
Missiles
 n - 4 throwing nets (quivered)
Armour
 i - a +2 helmet (worn)
 o - +0 gold dragon scales (worn)
 t - a +2 pair of gloves (worn)
 z - a +2 tower shield of cold resistance (worn)
 E - a +2 cloak (worn)
 L - a +2 pair of boots (worn)
Jewellery
 d - the ring of Vunk {rPois Stlth+}
   (You took it off a gnoll on level 7 of the Dungeon)

   [ring of poison resistance]

   It protects you from poison.
   It makes you more stealthy.
 k - a ring of protection from magic (right hand)
 q - an amulet of the acrobat (around neck)
 N - the ring "Ikhucs" (left hand) {*Tele rElec rC+ MR+}
   (You found it on level 1 of the Swamp)

   [ring of teleportation]

   It may teleport you next to monsters.
   It protects you from cold.
   It insulates you from electricity.
   It affects your resistance to hostile enchantments.
 Q - an uncursed amulet of guardian spirit {unknown}
Wands
 j - a wand of disintegration (37)
 v - a wand of enslavement (28)
 x - a wand of polymorph (6)
 A - a wand of paralysis (36)
 B - a wand of iceblast (20) {@v2}
 P - a wand of acid (5) {@v1}
Scrolls
 b - 8 scrolls of identify {@r1}
 c - 3 scrolls of enchant armour
 m - 4 scrolls of blinking
 r - 6 scrolls of remove curse {@r2}
 w - 3 scrolls of magic mapping {@r5}
 y - a scroll of fear
 D - a scroll of teleportation {@r3}
 O - 3 scrolls of fog
Potions
 f - 3 potions of haste {@q4}
 g - 4 potions of cancellation
 h - 2 potions of ambrosia
 l - 12 potions of curing {@q1}
 p - 9 potions of heal wounds {@q2}
 s - 7 potions of stabbing
 C - a potion of flight
 I - a potion of resistance {unknown}
 R - a potion of magic {unknown}
Miscellaneous
 H - a phantom mirror


   Skills:
 * Level 15.2(14.5) Fighting
 - Level 18.0(17.2) Axes
 - Level 13.0(12.4) Armour
 - Level 7.3(6.8) Dodging
 * Level 15.7(15.0) Shields
 * Level 15.3(14.6) Invocations
 - Level 10.0(9.3) Evocations


You had 16 spell levels left.
You didn't know any spells.
Your spell library was empty.

Dungeon Overview and Level Annotations

Branches:
Dungeon (15/15)            Temple (1/1) D:6            Lair (2/6) D:11
  Swamp (4/4) Lair:2        Snake (4/4) Lair:2          Orc (2/2) D:9
    Elf (0/3) Orc:2        Vaults (0/5) D:13         Depths (5/5) D:15
    Zot: Depths:5

Altars:
Ashenzari
Cheibriados
Dithmenos
Elyvilon
Fedhas
Gozag
Hepliaklqana
Kikubaaqudgha
Makhleb
Okawaru
Qazlal
Ru
Trog
Uskayaw
Vehumet
Wu Jian
Xom
Yredelemnul
Zin
The Shining One
Beogh
Lugonu

Shops:
D:9 ?   Orc:2 [(:

Portals:
Hell: Depths:3 Depths:4
Trove: D:15 (give +3 storm dragon scales)


Innate Abilities, Weirdness & Mutations

You are resistant to damage.
You can heal yourself by infusing magical energy.
You resist negative energy. (rN+)
You passively map the area around you.
You do not regenerate.


Message History

You block the iron troll's attack. You block something's attack.
The skeletal warrior hits you with a +0 glaive!
* * * LOW HITPOINT WARNING * * *
You slash the shadow dragon zombie!
The shadow dragon zombie is heavily damaged.
You hit the deep troll shaman but do no damage.
You hit something. You closely miss the skeletal warrior.
You hit the iron troll but do no damage.
Lightning courses through the iron troll!!
You kill the iron troll!
Makhleb accepts your kill.
You feel better.
The troll leather armour is intact enough to wear.
You barely miss the skeletal warrior. You slash the Ice Fiend!
You block the shadow dragon zombie's attack. x2
The shadow dragon zombie claws you but does no damage.
You block the Ice Fiend's attack. x2
The skeletal warrior hits you with a +0 great mace!
* * * LOW HITPOINT WARNING * * *
Something touches you.
* * * LOW HITPOINT WARNING * * *
You partially resist.
You feel drained.
You hit the shadow dragon zombie but do no damage.
The shadow dragon zombie is heavily damaged.
You slash the Ice Fiend! You closely miss the skeletal warrior.
You hit the skeletal warrior but do no damage.
Lightning courses through the skeletal warrior!
You hit the skeletal warrior but do no damage.
Lightning courses through the skeletal warrior!!
You hit something. You slice the deep troll shaman!!
You block the skeletal warrior's attack.
You block the Ice Fiend's attack. x2
You hit the iron troll but do no damage.
The iron troll is almost dead.
You hit the deep troll shaman.
Lightning courses through the deep troll shaman!
You kill the deep troll shaman!
Makhleb accepts your kill.
You feel better.
You slash something! You slash the skeletal warrior!
Lightning courses through the skeletal warrior!!
You destroy the skeletal warrior!
Makhleb accepts your kill.
You closely miss the skeletal warrior.
You hit the skeletal warrior but do no damage.
You slash the Ice Fiend!
Something touches you but does no damage.
The Ice Fiend claws you but does no damage.
You block the Ice Fiend's attack.
You block the skeletal warrior's attack.
You block the caustic shrike zombie's attack.
You slash the iron troll!
Lightning courses through the iron troll!
You kill the iron troll!
Makhleb accepts your kill.
You feel better.
You hit the iron troll but do no damage.
You hit something. You slash the caustic shrike zombie!
You hit the skeletal warrior but do no damage. x2
You hit the Ice Fiend but do no damage.
You block the skeletal warrior's attack.
You hear some strange, mumbled words.
A lance of force appears from out of thin air!
The lance of force hits you!!
* * * LOW HITPOINT WARNING * * *
You are knocked back by the lance of force.
You collide with the skeletal warrior!
The skeletal warrior is destroyed!
* * * LOW HITPOINT WARNING * * *
You block the caustic shrike zombie's attack.
You hit the shadow dragon zombie.
The shadow dragon zombie is heavily damaged.
You slash the iron troll!
Your gold dragon scales prevents you from hitting something.
You slash the caustic shrike zombie! You hit the skeletal warrior.
Lightning courses through the skeletal warrior!!
You slash the Ice Fiend!
You block the caustic shrike zombie's attack.
The Ice Fiend claws you!
* * * LOW HITPOINT WARNING * * *
The Ice Fiend freezes you! You resist.
* * * LOW HITPOINT WARNING * * *
You block the Ice Fiend's attack. You block the iron troll's attack.
The iron troll claws you. The iron troll claws you!!
* * * LOW HITPOINT WARNING * * *
Something touches you but does no damage.
The skeletal warrior barely misses you.
The shadow dragon zombie bites you but does no damage.
The shadow dragon zombie claws you but does no damage. x2
You hit the shadow dragon zombie but do no damage.
The shadow dragon zombie is heavily damaged.
You hit the iron troll.
Lightning courses through the iron troll!
You closely miss something. You slash the caustic shrike zombie!
Lightning courses through the caustic shrike zombie!
You closely miss the skeletal warrior. You hit the skeletal warrior.
You barely miss the Ice Fiend.
The caustic shrike zombie claws you but does no damage.
You block the skeletal warrior's attack.
The Ice Fiend claws you.
You die...

*** * * ,,,
..............# * ,
,................ ,
* ,
................ ,
, ,
................,**
, , ,
................ ,
.............≈≈. ,
* ,
......Z1z....≈.., *
* *
......T@z....... ,
.#####{#Z......# ,
* ,*,,..÷#...#..##
.†...#.#### # ,
#.....#))#.### * ,
#:....#)))))<# , ,
#...÷.#.).(### *
#######.!).(# , *
..........###


You could see an Ice Fiend (summoned), an iron troll (fast, strong), 2 skeletal
warriors, a shadow dragon zombie and a caustic shrike zombie.

Vanquished Creatures
  the Lernaean hydra (Swamp:4)
  3 caustic shrikes (Depths:5)
  A golden dragon (Depths:5)
  A lich (Depths:4)
  2 tentacled monstrosities
  The ghost of Warchiew the Impregnable, an adept HOFi of Qazlal (Swamp:1)
  The ghost of Neoqatuwkar the Warrior, an adept MiFi of Okawaru (Swamp:1)
  A sphinx (Depths:5)
  A tengu reaver (Depths:4)
  2 nagarajas (Snake:4)
  A fire giant (Depths:4)
  5 frost giants
  An orc warlord (Orc:2)
  A caustic shrike zombie (Depths:5)
  A caustic shrike skeleton (Depths:5)
  An ironheart preserver (D:13)
  2 stone giants (Depths:4)
  A spriggan defender (Depths:4)
  2 vampire knights
  A white draconian (Depths:5)
  7 spark wasps
  Snorg (Orc:2)
  3 ettins
  4 deep elf death magi (Depths:5)
  2 yaktaur captains
  2 fire dragons
  A great orb of eyes (Depths:4)
  2 ice dragons
  Harold (D:8)
  9 hydras
  2 spriggan air magi (Depths:4)
  2 ogre magi
  4 naga warriors (Snake:4)
  2 shambling mangroves
  10 anacondas
  2 centaur warriors
  3 two-headed ogres
  2 tengu warriors
  10 alligators
  2 deep troll shamans
  6 death yaks (D:11)
  A spriggan berserker (Depths:4)
  3 naga sharpshooters
  A shock serpent (Snake:4)
  3 salamander mystics (Snake:4)
  5 skeletal warriors (Depths:5)
  3 iron trolls (Depths:5)
  A swamp dragon (shapeshifter) (D:13)
  3 naga ritualists (Snake:4)
  A spark wasp zombie (Depths:3)
  A flayed ghost (Depths:5)
  5 deep trolls
  4 swamp dragons
  2 orc knights
  A small abomination (Depths:5)
  The ghost of Waterpls the Slicer, a novice OpEn (D:7)
  A tengu zombie (Depths:5)
  A frost giant zombie (Depths:3)
  A necromancer (Depths:3)
  A golden dragon skeleton (Depths:5)
  9 ugly things
  A mana viper (Snake:1)
  2 deep elf magi (D:14)
  A salamander (Snake:4)
  5 elephants (Lair:2)
  A cyclops (D:14)
  9 guardian serpents (Snake:4)
  A salamander (shapeshifter) (D:13)
  9 black mambas
  An elf zombie (Depths:5)
  A gargoyle (D:13)
  5 cane toads
  13 naga magi
  An efreet (D:15)
  2 kobold demonologists (D:15)
  2 elf skeletons
  A freezing wraith (D:10)
  2 komodo dragons (Lair:2)
  8 yaktaurs
  10 trolls
  4 tengu conjurers
  8 tyrant leeches
  7 hornets
  14 slime creatures
  7 hippogriffs
  3 shadows
  A vampire (D:13)
  30 yaks
  4 spriggans
  4 wraiths
  A wyvern (D:13)
  Grum (D:7)
  7 vampire mosquitoes
  An elf simulacrum (Depths:3)
  9 insubstantial wisps
  19 nagas
  2 swamp worms
  2 acid dragons
  5 wargs
  2 water moccasins (Lair:2)
  8 swamp drakes
  A porcupine (Lair:1)
  Duvessa (D:5)
  32 orc warriors
  6 ice beasts
  A black bear (D:8)
  2 necrophages
  3 phantoms
  3 eyes of draining
  13 ogres
  13 centaurs
  3 wolves
  4 crocodiles
  4 big kobolds
  15 bullfrogs
  3 gnoll sergeants
  Dowan (D:5)
  A wyvern skeleton (D:11)
  3 scorpions
  8 killer bees
  7 wights
  6 howler monkeys
  Crazy Yiuf (D:5)
  3 bullfrog zombies
  A quasit (D:9)
  2 jellies
  3 bullfrog skeletons
  21 orc priests
  4 centaur zombies
  A gnoll shaman (D:7)
  3 hounds
  27 orc wizards
  7 iguanas
  5 centaur skeletons
  6 worker ants
  A hound skeleton (D:8)
  15 gnolls
  A worker ant zombie (D:6)
  16 adders
  2 shadow imps
  2 white imps
  2 ufetubi (D:6)
  An ooze (D:4)
  An adder skeleton (D:5)
  A worm (D:3)
  A dart slug (D:2)
  3 leopard geckos
  122 orcs
  2 bats (D:1)
  4 giant cockroaches
  2 goblins
  4 hobgoblins
  14 jackals
  19 kobolds
  A quokka (D:7)
  3 frilled lizards
  A quokka skeleton (D:6)
  A rat (D:2)
  2 crawling corpses (Depths:5)
  A macabre mass (Depths:5)
805 creatures vanquished.

Vanquished Creatures (collateral kills)
  A golden dragon (Depths:3)
  5 nagarajas (Snake:4)
  4 hydras
  6 anacondas (Snake:4)
  A deep troll earth mage (Depths:3)
  4 naga sharpshooters (Snake:4)
  A shock serpent (Snake:4)
  3 naga ritualists (Snake:4)
  5 swamp dragons (Swamp:4)
  A wizard (Depths:3)
  An orc knight (Orc:2)
  2 mana vipers (Snake:4)
  A black mamba (Snake:4)
  4 guardian serpents (Snake:4)
  4 naga magi (Snake:4)
  2 vampire mosquitoes (Swamp:4)
  8 nagas (Snake:4)
  2 swamp worms (Swamp:4)
  3 orc warriors (Orc:2)
  3 swamp drakes (Swamp:4)
  2 orc priests (Orc:2)
  3 orc wizards (Orc:2)
  5 orcs (Orc:2)
  A kobold (D:15)
72 creatures vanquished.

Vanquished Creatures (others)
  A naga warrior (Snake:1)
  An unseen horror (D:13)
  A skeletal warrior (Depths:5)
  A yak (D:13)
  A vampire mosquito (Swamp:2)
  A centaur (D:13)
  A big kobold (D:13)
  An orc priest (D:9)
  An orc (D:13)
  A fungus (Lair:2)
  12 plants
22 creatures vanquished.

Grand Total: 899 creatures vanquished

Notes
Turn   | Place    | Note
-------+----------+-------------------------------------------
     0 | D:1      | EnegeticOcto the Deep Dwarf Fighter began the quest for the
                  | Orb.
     0 | D:1      | Reached XP level 1. HP: 20/20 MP: 1/1
   112 | D:2      | Reached XP level 2. HP: 22/27 MP: 2/2
   211 | D:3      | Reached skill level 3 in Axes
   211 | D:3      | Reached XP level 3. HP: 23/33 MP: 3/3
   322 | D:3      | Reached XP level 4. HP: 24/42 MP: 4/4
   349 | D:4      | Found an opulent altar of Gozag.
   475 | D:4      | Noticed an ogre
   488 | D:4      | Killed an ogre
   488 | D:4      | Reached skill level 4 in Axes
   488 | D:4      | Reached XP level 5. HP: 39/49 MP: 4/4
   532 | D:4      | Noticed a phantom
   576 | D:4      | Killed a phantom
   576 | D:4      | Reached XP level 6. HP: 39/57 MP: 4/4
   663 | D:4      | Reached skill level 5 in Axes
   807 | D:4      | Reached XP level 7. HP: 27/64 MP: 4/4
  1165 | D:5      | Entered Level 5 of the Dungeon
  1194 | D:5      | Reached skill level 5 in Armour
  1194 | D:5      | Reached skill level 5 in Shields
  1207 | D:5      | Reached skill level 6 in Axes
  1263 | D:5      | Noticed Duvessa
  1263 | D:5      | Noticed Dowan
  1282 | D:5      | Killed Dowan
  1296 | D:5      | Killed Duvessa
  1525 | D:5      | Reached XP level 8. HP: 48/73 MP: 5/5
  1602 | D:5      | Found a runed translucent door.
  1603 | D:5      | Noticed Crazy Yiuf
  1718 | D:5      | Reached skill level 7 in Axes
  1800 | D:5      | Killed Crazy Yiuf
  1968 | D:6      | Found a staircase to the Ecumenical Temple.
  2015 | D:6      | Reached skill level 5 in Fighting
  2038 | Temple   | Entered the Ecumenical Temple
  2345 | D:2      | Found a snail-covered altar of Cheibriados.
  2352 | D:2      | Found a shadowy altar of Dithmenos.
  2359 | D:2      | Found an iron altar of Okawaru.
  2366 | D:2      | Found a burning altar of Makhleb.
  2371 | D:2      | Found a sacrificial altar of Ru.
  2377 | D:2      | Became a worshipper of Makhleb the Destroyer
  2670 | D:6      | Reached skill level 1 in Invocations
  2768 | D:6      | Found a burning altar of Makhleb.
  3313 | D:7      | Reached skill level 8 in Axes
  3457 | D:7      | Reached * piety under Makhleb
  3458 | D:7      | Gained mutation: You passively map the area around you.
                  | [Deep Dwarf growth]
  3458 | D:7      | Reached XP level 9. HP: 58/81 MP: 6/6
  3517 | D:7      | Found a transporter.
  3791 | D:7      | Found a transporter.
  3799 | D:7      | Noticed Grum
  3801 | D:7      | Identified the ring of Vunk {rPois Stlth+}
  3806 | D:7      | Noticed Waterpls's ghost (novice OpEn)
  3910 | D:7      | Killed Grum
  3928 | D:7      | Killed Waterpls's ghost
  3928 | D:7      | Reached skill level 9 in Axes
  4121 | D:8      | Reached skill level 5 in Invocations
  4162 | D:8      | Reached XP level 10. HP: 78/92 MP: 9/9
  4164 | D:8      | Reached ** piety under Makhleb
  4289 | D:8      | Reached skill level 10 in Axes
  4518 | D:8      | Noticed Harold
  4538 | D:8      | Killed Harold
  4876 | D:9      | Found a glowing silver altar of Zin.
  4937 | D:9      | Reached *** piety under Makhleb
  4965 | D:9      | Found a staircase to the Orcish Mines.
  5175 | D:9      | Reached skill level 11 in Axes
  5297 | D:9      | Found Intuno's Magic Scroll Boutique.
  5305 | D:9      | Bought a scroll of magic mapping for 59 gold pieces
  5480 | D:10     | Entered Level 10 of the Dungeon
  5669 | D:10     | Reached XP level 11. HP: 83/103 MP: 12/12
  5733 | D:10     | Reached **** piety under Makhleb
  6254 | D:11     | Noticed a death yak
  6255 | D:11     | Found a staircase to the Lair.
  6255 | D:11     | Noticed a death yak
  6257 | D:11     | Noticed a death yak
  6258 | D:11     | Noticed a death yak
  6259 | D:11     | Noticed a death yak
  6260 | D:11     | Noticed a death yak
  6285 | D:11     | Killed a death yak
  6285 | D:11     | Reached skill level 1 in Evocations
  6296 | D:11     | Killed a death yak
  6296 | D:11     | Reached skill level 1 in Dodging
  6303 | D:11     | Killed a death yak
  6311 | D:11     | Killed a death yak
  6319 | D:11     | Killed a death yak
  6324 | D:11     | Killed a death yak
  6324 | D:11     | Reached skill level 12 in Axes
  6639 | D:11     | Found a radiant altar of Vehumet.
  6764 | D:11     | Noticed a two-headed ogre
  6789 | D:11     | Killed a two-headed ogre
  6877 | D:11     | Reached XP level 12. HP: 79/115 MP: 12/12
  7250 | D:12     | Reached ***** piety under Makhleb
  7509 | D:12     | Reached skill level 5 in Evocations
  7622 | D:12     | Noticed a five-headed hydra
  7638 | D:12     | Killed an 11-headed hydra
  7676 | D:12     | Reached skill level 10 in Fighting
  7676 | D:12     | Reached skill level 13 in Axes
  8276 | D:13     | Noticed a two-headed ogre
  8276 | D:13     | Noticed a centaur warrior
  8290 | D:13     | Killed a two-headed ogre
  8291 | D:13     | Killed a centaur warrior
  8291 | D:13     | Reached skill level 10 in Armour
  8293 | D:13     | Reached skill level 10 in Shields
  8334 | D:13     | Found a shimmering altar of Xom.
  8435 | D:13     | Reached skill level 5 in Dodging
  8676 | D:13     | Noticed an ironheart preserver
  8677 | D:13     | Found a gate to the Vaults.
  8700 | D:13     | Killed an ironheart preserver
  8915 | D:13     | Reached XP level 13. HP: 121/124 MP: 8/8
  9093 | Orc:1    | Entered Level 1 of the Orcish Mines
  9294 | Orc:1    | Found Erchairra's Book Shoppe.
  9305 | Orc:1    | Found a roughly hewn altar of Beogh.
  9608 | Orc:2    | Entered Level 2 of the Orcish Mines
  9697 | Orc:2    | Found a roughly hewn altar of Beogh.
  9715 | Orc:2    | Found Bamer's Assorted Antiques.
  9799 | Orc:2    | Noticed Snorg
  9812 | Orc:2    | Killed Snorg
  9812 | Orc:2    | Reached skill level 10 in Invocations
  9852 | Orc:2    | Noticed Sonja
  9853 | Orc:2    | Noticed Sonja
  9853 | Orc:2    | Sonja changed into Sonja the big kobold
  9867 | Orc:2    | Killed Sonja the big kobold
 10044 | Orc:2    | Found a staircase to the Elven Halls.
 10124 | Orc:2    | Reached ****** piety under Makhleb
 10241 | Orc:2    | Noticed an orc warlord
 10265 | Orc:2    | Killed an orc warlord
 10265 | Orc:2    | Reached skill level 14 in Axes
 10316 | Orc:2    | Found a roughly hewn altar of Beogh.
 10317 | Orc:2    | Found Lalampu's Book Boutique.
 10453 | Orc:2    | Found Gojoac Himuh's Antique Weapon Boutique.
 10454 | Orc:2    | Found a roughly hewn altar of Beogh.
 10455 | Orc:2    | Found Fiplat's Antique Armour Shop.
 10474 | Orc:2    | Bought a slimy chain mail for 247 gold pieces
 10474 | Orc:2    | Bought a pair of glowing boots for 195 gold pieces
 10489 | Orc:2    | Identified the +2 chain mail of Resonance {rElec MR- Dex+6
                  | SInv} (You bought it in a shop on level 2 of the Orcish
                  | Mines)
 10588 | Orc:2    | Found a roughly hewn altar of Beogh.
 10609 | Orc:2    | Found a roughly hewn altar of Beogh.
 10793 | Lair:1   | Entered Level 1 of the Lair of Beasts
 10940 | Lair:2   | Found a staircase to the Snake Pit.
 11063 | Lair:2   | Found a staircase to the Swamp.
 11744 | D:9      | Bought a scroll of blinking for 127 gold pieces
 11982 | D:14     | Found a frozen archway.
 12173 | D:14     | Paralysed by a deep elf mage for 3 turns
 12282 | D:14     | Identified a scroll of acquirement
 12293 | D:14     | Acquired a +3 war axe of flaming
 12377 | D:14     | Gained mutation: You resist negative energy. (rN+) [Deep
                  | Dwarf growth]
 12377 | D:14     | Reached XP level 14. HP: 127/135 MP: 9/9
 12378 | D:14     | Acquired a +2 broad axe of electrocution
 12784 | D:15     | Entered Level 15 of the Dungeon
 13162 | D:15     | Found a portal to a secret trove of treasure.
 13189 | D:15     | Found a staircase to the Depths.
 13382 | Snake:1  | Entered Level 1 of the Snake Pit
 13429 | Snake:1  | Reached skill level 15 in Axes
 13958 | Snake:4  | Entered Level 4 of the Snake Pit
 14133 | Snake:4  | Noticed a nagaraja
 14142 | Snake:4  | Noticed a nagaraja
 14143 | Snake:4  | Killed a nagaraja
 14143 | Snake:4  | Reached XP level 15. HP: 60/146 MP: 10/10
 14144 | Snake:4  | Noticed an Executioner
 14156 | Snake:4  | Killed a nagaraja
 14161 | Snake:4  | Noticed a nagaraja
 14162 | Snake:4  | Noticed a nagaraja
 14168 | Snake:4  | Noticed a nagaraja
 14174 | Snake:4  | Killed a nagaraja
 14178 | Snake:4  | Killed a nagaraja
 14183 | Snake:4  | Reached skill level 10 in Evocations
 14184 | Snake:4  | Killed a nagaraja
 14200 | Snake:4  | Noticed a nagaraja
 14210 | Snake:4  | Killed a nagaraja
 14223 | Snake:4  | Noticed a nagaraja
 14230 | Snake:4  | Killed a nagaraja
 14247 | Snake:4  | Got a serpentine rune of Zot
 14300 | Snake:4  | Reached skill level 16 in Axes
 14530 | Swamp:1  | Entered Level 1 of the Swamp
 14678 | Swamp:1  | Noticed a tentacled monstrosity
 14704 | Swamp:1  | Killed a tentacled monstrosity
 14850 | Swamp:1  | Found a runed translucent gate.
 14851 | Swamp:1  | Found a runed translucent gate.
 14852 | Swamp:1  | Found a runed translucent gate.
 14853 | Swamp:1  | Noticed Neoqatuwkar's ghost (adept MiFi)
 14853 | Swamp:1  | Noticed Warchiew's ghost (adept HOFi)
 14894 | Swamp:1  | Killed Neoqatuwkar's ghost
 14949 | Swamp:1  | Killed Warchiew's ghost
 14957 | Swamp:1  | Got a glittering pewter ring
 14959 | Swamp:1  | Identified the ring "Ikhucs" {*Tele rElec rC+ MR+} (You
                  | found it on level 1 of the Swamp)
 15200 | Swamp:2  | Noticed a tentacled monstrosity
 15222 | Swamp:2  | Killed a tentacled monstrosity
 15231 | Swamp:2  | Reached XP level 16. HP: 157/157 MP: 3/3
 15641 | Swamp:4  | Entered Level 4 of the Swamp
 15791 | Swamp:4  | Noticed the 27-headed Lernaean hydra
 15806 | Swamp:4  | Killed the 23-headed Lernaean hydra
 15870 | Swamp:4  | Got a decaying rune of Zot
 16249 | D:15     | Reached skill level 17 in Axes
 16258 | Depths:1 | Entered Level 1 of the Depths
 16332 | Depths:3 | Found a gateway to Hell.
 16332 | Depths:3 | Noticed a golden dragon
 16346 | Depths:3 | Killed a golden dragon
 16446 | Depths:4 | Noticed a lich
 16456 | Depths:4 | Killed a lich
 16502 | Depths:4 | Found a corrupted altar of Lugonu.
 16620 | Depths:4 | Reached XP level 17. HP: 79/168 MP: 4/4
 16932 | Depths:5 | Entered Level 5 of the Depths
 16938 | Depths:5 | Noticed a golden dragon
 16972 | Depths:5 | Killed a golden dragon
 16972 | Depths:5 | Reached skill level 15 in Shields
 17038 | Depths:5 | Noticed a caustic shrike
 17040 | Depths:5 | Noticed a caustic shrike
 17047 | Depths:5 | Killed a caustic shrike
 17051 | Depths:5 | Killed a caustic shrike
 17051 | Depths:5 | Reached skill level 18 in Axes
 17051 | Depths:5 | Noticed a caustic shrike
 17054 | Depths:5 | Reached skill level 15 in Fighting
 17065 | Depths:5 | Killed a caustic shrike
 17065 | Depths:5 | Reached skill level 15 in Invocations
 17102 | Depths:5 | Noticed an ancient lich
 17103 | Depths:5 | Noticed an Ice Fiend
 17115 | Depths:5 | HP: 6/170 [iron troll (6)]
 17120 | Depths:5 | HP: 1/170 [iron troll (17)]
 17121 | Depths:5 | Slain by an Ice Fiend

Illustrated notes

Levels and vault maps discovered:
D:1:      tarquinn_simple_flora_water_f, layout_loops_cross, tso_altar
D:2:      minmay_wonky_spiral, layout_rooms, grunt_temple_overflow_octagram
D:3:      layout_basic, grunt_temple_overflow_order_and_chaos_1
D:4:      layout_cave_pods, nicolae_gozag_seed_capital
D:5:      layout_rooms, uniq_duvessa, uniq_crazy_yiuf_cottage
D:6:      layout_gridville, minmay_temple_entry_crystal_x, bloody_makhleb
D:7:      layout_cave_pools, gammafunk_ghost_gnarly_gnolls
D:8:      layout_basic, uniq_harold
D:9:      layout_roguey, erik_orc_1, serial_shops, shop, basic_altar
D:10:     layout_basic
D:11:     layout_gridville, dpeg_lair_monsters, basic_altar
D:12:     layout_loops_corners, kennysheep_doodads
D:13:     layout_rooms, skrybe_vaults_entry_preservation, xom_confusion_cloud
D:14:     layout_layer_cave, nicolae_water_bricks,
          portal_ice_cave_entry_pillars_1
D:15:     hangedman_depths_entry_civil_slaughter, layout_small_grid,
          minmay_misc_feat_roman, nicolae_trove_entry_crossroad
Temple:   nicolae_temple_hex_pool
Lair:1:   layout_regular_city, st_stairs_9, grunt_megastairs_4,
          minmay_lair_oklob_chamber
Lair:2:   layout_regular_city, minmay_swamp_entry_worms,
          guppyfry_snake_entry_garden, beast_lair_carwin_6, grunt_megastairs_1
Swamp:1:  cheibrodos_swamp_monstrosity, layout_falls_marsh,
          gammafunk_ghost_cemetery, lemuel_altar_in_water, swamp_pool4,
          hangedman_swamp_muck
Swamp:2:  layout_falls_marsh, serial_swamp_ruin, evilmike_swamp_ruin_house_4,
          evilmike_swamp_ruin_house_5, evilmike_swamp_ruin_wall, uniq_louise
Swamp:3:  nicolae_swamp_phyte_club, layout_falls_marsh, hangedman_swamp_diagram,
          uniq_nikola
Swamp:4:  swamp_old_school, layout_basic_swamp, infiniplex_staircase_pool
Snake:1:  nicolae_snake_nest, layout_grid_maze, serial_bayou_shore_b
Snake:2:  layout_onion, ebering_ghost_disaster_area, serial_bayou_shore_b,
          serial_bayou_shore_b, serial_bayou_shore_b, uniq_aizul
Snake:3:  layout_misc_corridors, ebering_ghost_reflecting_pool
Snake:4:  grunt_snake_rune_serpentine_throne, layout_cave_town, serial_shops,
          nicolae_shop_window_shopping, grunt_megastairs_3
Orc:1:    layout_diamond_mine, serial_shops,
          nicolae_shop_competitors_out_of_business, mines2_david
Orc:2:    grunt_orc_community_town_hall, layout_caves,
          grunt_orc_community_big_house_1, grunt_orc_community_big_house_2,
          grunt_orc_community_house_2, grunt_orc_community_house_2,
          grunt_orc_community_house_2, grunt_orc_community_house_1,
          mines4_lemuel, uniq_sonja, uniq_snorg
Depths:1: layout_forbidden_donut, minmay_holes, hangedman_coc_ice_floe,
          minivault_16, chequers_serial_rivers_micro_b,
          minmay_misc_feat_encased, minmay_serpent_palace
Depths:2: minmay_the_grid_octo_tiled_squarecenter
          [minmay_the_grid_octo_vomiting_pacman, minmay_the_grid_octo_odd_swirl,
          minmay_the_grid_octo_77, minmay_the_grid_octo_fan_narrow,
          minmay_the_grid_square_5x5_megaprize_hollow,
          minmay_the_grid_square_5x5_spiral,
          minmay_the_grid_square_5x5_spiral_small,
          minmay_the_grid_square_5x5_inner_i, minmay_the_grid_square_5x5_comb],
          layout_basic, hell_entry, drop_trap, minmay_staircase_windowed_large,
          serial_bayou_shore_a, uniq_enchantress
Depths:3: cheibrodos_leafed_vault, layout_cave_pools, grunt_pan_entry_spiral,
          hell_entry, minmay_misc_feat_tiny, kennysheep_inner_square
Depths:4: kennysheep_six_static_rooms, layout_basic, abyss_entry_flame_altar,
          hell_entry, firewood_loft
Depths:5: evilmike_zot_entry_diamond, layout_cave_pools, enter_ziggurat_a,
          grunt_mini_vestibule, serial_rivers, chequers_serial_rivers_small_a,
          chequers_serial_rivers_large_b, chequers_serial_rivers_large_a,
          chequers_serial_rivers_small_b, chequers_serial_rivers_small_b,
          special_room [special_room_morgue]

Skill      XL: |  1  2  3  4  5  6  7  8  9 10 11 12 13 14 15 16 17 |
---------------+----------------------------------------------------+-----
Axes           | 3 4 5 6 8 9 11 12 13 14 15 16 17 18 | 18.0
Fighting       | 3 4 5 6 8 9 10 11 12 13 14 15 | 15.2
Armour         | 4 5 6 7 8 9 10 11 12 13 | 13.0
Shields        | 4 5 6 7 8 9 10 11 12 13 14 15 | 15.7
Invocations    | 2 5 7 8 9 10 11 12 13 15 | 15.3
Evocations     | 4 6 8 9 10 | 10.0
Dodging        | 3 5 6 7 |  7.3

Action                   |  1- 3 |  4- 6 |  7- 9 | 10-12 | 13-15 | 16-18 || total
-------------------------+-------+-------+-------+-------+-------+-------++-------
Melee: War axe           |    53 |   125 |   469 |   997 |   747 |   273 ||  2664
       Broad axe         |       |       |       |       |   403 |   371 ||   774
Invok: Lesser Servant of |       |       |       |     6 |    12 |     3 ||    21
       Greater Servant o |       |       |       |       |     8 |     6 ||    14
 Abil: Heal Wounds       |       |     7 |    10 |    28 |    26 |    24 ||    95
Evoke: Wand              |       |       |       |       |     1 |     2 ||     3
  Use: Scroll            |       |       |    14 |     8 |    10 |     6 ||    38
       Potion            |       |       |     1 |     1 |       |     1 ||     3
 Stab: Confused          |       |       |       |     2 |     1 |       ||     3
       Distracted        |       |       |       |       |    12 |     3 ||    15
Armor: Scale mail        |    28 |     2 |       |       |       |       ||    30
       Plate armour      |       |    98 |   328 |   533 |    58 |    34 ||  1051
       Chain mail        |       |       |       |       |   405 |   117 ||   522
       Gold dragon scale |       |       |       |       |       |   155 ||   155
Dodge: Dodged            |    19 |    34 |   128 |   263 |   415 |   184 ||  1043
Block: Kite shield       |    30 |    81 |   324 |   577 |   399 |       ||  1411
       Tower shield      |       |       |       |       |   589 |   694 ||  1283

Table legend: (Time is in decaauts)
 A = Elapsed time spent in this place.
 B = Non-inter-level travel time spent in this place.
 C = Inter-level travel time spent in this place.
 D = Time resting spent in this place.
 E = Time spent auto-exploring this place.
 F = Levels seen in this place.
 G = Mean time per level.
                   A        B        C        D        E       F      G
               +--------+--------+--------+--------+--------+-----+--------+
         Total |  17054 |  14973 |   2081 |      3 |   9665 |  33 |  516.8 |
       Dungeon |  11069 |   9754 |   1315 |      3 |   6692 |  15 |  737.9 |
        Temple |     82 |     76 |      6 |      0 |     76 |   1 |   82.0 |
          Lair |    947 |    799 |    148 |      0 |    663 |   2 |  473.5 |
         Swamp |   1522 |   1269 |    253 |      0 |    649 |   4 |  380.5 |
     Snake Pit |   1095 |    902 |    193 |      0 |    414 |   4 |  273.8 |
  Orcish Mines |   1547 |   1446 |    101 |      0 |    944 |   2 |  773.5 |
        Depths |    788 |    727 |     61 |      0 |    226 |   5 |  157.6 |
               +--------+--------+--------+--------+--------+-----+--------+

Top non-repeatable levels by time:
    D:12: 1118 daAuts
    D:11: 1051 daAuts
     D:6: 1033 daAuts
   Orc:2: 1018 daAuts
    D:14: 958 daAuts
     D:4: 935 daAuts
  Lair:2: 894 daAuts
    D:13: 882 daAuts
    D:10: 863 daAuts
     D:8: 813 daAuts
     D:9: 784 daAuts
     D:7: 753 daAuts
     D:5: 709 daAuts
 Swamp:1: 678 daAuts
 Swamp:2: 534 daAuts
